 Dungeon Crawl Stone Soup version 0.29-a0-22-gbf593b1 (webtiles) character file.

Game seed: 3092134939443700413

46 Illumine the Poker (level 3, -1/27 HPs)
             Began as a Merfolk Gladiator on Jan 29, 2022.
             Slain by a water moccasin (3 damage)
             ... on level 3 of the Dungeon.
             The game lasted 00:03:04 (1233 turns).

Illumine the Poker (Merfolk Gladiator)              Turns: 1233, Time: 00:03:04

Health: -1/27      AC:  4    Str: 16    XL:     3   Next: 68%
Magic:  3/3        EV: 14    Int:  7    God:
Gold:   89         SH:  0    Dex: 21    Spells: 2/2 levels left

rFire   . . .      SeeInvis .   a - +0 trident
rCold   . . .      Faith    .   (no shield)
rNeg    . . .      Spirit   .   b - +0 leather armour
rPois   .          Reflect  .   c - +0 helmet
rElec   .          Harm     .   (no cloak)
rCorr   .          Rampage  .   (no gloves)
Will    .....                   (no boots)
Stlth   ++........              (no amulet)
HPRegen 0.09/turn               f - +6 ring of dexterity
MPRegen 0.08/turn               (no ring)

@: no status effects
A: (nimble swimmer 2), mertail
a: no special abilities


You were on level 3 of the Dungeon.
You visited 1 branch of the dungeon, and saw 4 of its levels.

You collected 89 gold pieces.

Inventory:

Hand Weapons
 a - a +0 trident (weapon)
Missiles
 d - a throwing net (quivered)
 e - 61 stones
Armour
 b - a +0 leather armour (worn)
 c - a +0 helmet (worn)
 j - the +1 leather armour "Voahed" {rC+ Will+ Int+4 Slay-4}
   (You found it on level 2 of the Dungeon)

   Int:       It affects your intelligence (+4).
   Slay:      It affects your accuracy & damage with ranged weapons and melee
   (-4).
   rC:        It protects you from cold.
   Will:      It increases your willpower.
Jewellery
 f - a +6 ring of dexterity (left hand)


   Skills:
 - Level 2.1 Fighting
 * Level 5.8 Polearms
 + Level 2.3 Throwing
 + Level 4.6 Dodging


You had 2 spell levels left.
You didn't know any spells.
Your spell library contained the following spells:

 Spells                   Type           Power      Damage    Failure   Level
 Sting                    Tmut/Pois      0%         1d3       50%         1
 Poisonous Vapours        Pois/Air       0%         N/A       65%         2
 Olgreb's Toxic Radiance  Pois           0%         N/A       99%         4


Dungeon Overview and Level Annotations

Branches:
Dungeon (4/15)
 Temple: D:4-7

Altars:


Innate Abilities, Weirdness & Mutations

((You are very nimble when in or above water. (Stealth+, EV+, Speed+++)))
Your lower body shifts to a powerful aquatic tail in water.


Message History

The orc barely misses you.
You hit the orc.
The orc is heavily wounded.
The orc struggles against the net.
The orc hits you with a +0 hand axe.
* * * LOW HITPOINT WARNING * * *
Unknown command.
A water moccasin comes into view.
The water moccasin hisses angrily.
The orc struggles against the net.
The water moccasin moves out of view.
You puncture the orc!
You kill the orc!
The orc struggles against the net.
A rat comes into view.
Found a scroll labelled GIFODE CONEPT.
A goblin comes into view. It is wielding a +0 club.
The goblin shouts!
You hear a shout!
The water moccasin misses you.
The water moccasin bites you but does no damage.
A hobgoblin comes into view.
The water moccasin bites you.
* * * LOW HITPOINT WARNING * * *
You feel better. The water moccasin misses you.
A ball python comes into view.
The ball python hisses angrily.
The water moccasin bites you.
* * * LOW HITPOINT WARNING * * *
You aren't carrying any scrolls.
Unknown command.
The water moccasin closely misses you.
Sorry, you're not good enough to have a special ability.
Unknown command.
The frilled lizard unfolds its giant frill.
The water moccasin misses you. The goblin barely misses you.
The goblin hits you with a +4 dagger.
* * * LOW HITPOINT WARNING * * *
The water moccasin bites you.
* * * LOW HITPOINT WARNING * * *
The goblin barely misses you. The frilled lizard barely misses you.
You barely miss the rat. The water moccasin bites you.
You die...

#......####
#......#
#......#
#####......#
#....o.....#
#....o.....#
#....g.#####
#...glr#
#..gS@.#
#...S..#
#......#
#......#
#......#
########


You could see a water moccasin, 2 orcs, a hobgoblin, 2 goblins, a ball python, a
frilled lizard and a rat.

Vanquished Creatures
  2 adders (D:2)
  2 orcs (D:3)
  2 endoplasms
  4 giant cockroaches
  8 ball pythons
  2 bats (D:1)
  2 frilled lizards
  2 kobolds (D:2)
  2 rats
26 creatures vanquished.

Vanquished Creatures (others)
  3 fungi (D:3)
3 creatures vanquished.

Grand Total: 29 creatures vanquished

Notes
Turn   | Place    | Note
-------+----------+-------------------------------------------
     0 | D:1      | Illumine the Merfolk Gladiator began the quest for the Orb.
     0 | D:1      | Reached XP level 1. HP: 16/16 MP: 1/1
   119 | D:1      | Found a faded altar of an unknown god.
   172 | D:1      | Reached skill level 5 in Polearms
   172 | D:1      | Reached XP level 2. HP: 18/22 MP: 2/2
   747 | D:2      | Identified the +1 leather armour "Voahed" {rC+ Will+ Int+4
                  | Slay-4}
   771 | D:2      | Reached XP level 3. HP: 15/27 MP: 3/3
  1153 | D:2      | You fall into a shaft and drop 2 floors!
  1216 | D:3      | Noticed a water moccasin
  1233 | D:3      | Slain by a water moccasin

Illustrated notes

Levels and vault maps discovered:
D:1:      minmay_arrival_shoal_huts, layout_loops_cross,
          chequers_ecumenical_altar_simple_redux
D:2:      layout_loops_ring
D:3:      layout_basic, mainiacjoe_overflow_chevrons
D:4:      layout_basic, nicolae_elyvilon_peaceful_grove

Skill      XL: |  1 |
---------------+----+-----
Polearms       | 5 |  5.8
Fighting       | |  2.1
Throwing       | |  2.3
Dodging        | |  4.6

Action                   || total
-------------------------++-------
Melee: Trident           ||   106
       Punch             ||     1
Throw: Throwing net      ||     2
  Use: Scroll            ||     2
       Potion            ||     2
 Stab: Sleeping          ||     3
       Distracted        ||     1
Armor: Leather armour    ||    31
Dodge: Dodged            ||    98

Table legend: (Time is in decaauts)
 A = Elapsed time spent in this place.
 B = Non-inter-level travel time spent in this place.
 C = Inter-level travel time spent in this place.
 D = Time resting spent in this place.
 E = Time spent auto-exploring this place.
 F = Levels seen in this place.
 G = Mean time per level.
                   A        B        C        D        E       F      G
               +--------+--------+--------+--------+--------+-----+--------+
         Total |   1215 |   1195 |     20 |    179 |    735 |   4 |  303.8 |
       Dungeon |   1215 |   1195 |     20 |    179 |    735 |   4 |  303.8 |
               +--------+--------+--------+--------+--------+-----+--------+

Top non-repeatable levels by time:
     D:1: 604 daAuts
     D:2: 532 daAuts
     D:3: 64 daAuts
     D:4: 14 daAuts
